Match 47457302
Unlisted

Match 47457302
End
Vickers Machine Gun Team
Construct Section Command Post
ML 3-inch Mortar Team
ML 3-inch Mortar Team
Infantry Section
Construct Platoon Command Post
Selects Air and Sea Battlegroup
Selects Commando Section Paradrop
Selects Commando Support Section Paradrop
Commando Section Paradrop
Commando Section Paradrop
Construct Company Command Post
Commando Support Section Paradrop
Matilda II Heavy Tank
Unlock Towed 17-pounder Anti-tank Guns
17-pounder Anti-tank Gun Team
Royal Engineer Section
17-pounder Anti-tank Gun Team
Selects Anti-tank Rocket Loiter
Anti-tank Rocket Loiter
Commando Section Paradrop
Commando Support Section Paradrop
Selects Naval Blockade
Selects UNKNOWN (223837)
Fredwick
Fey Mood
Carecup
Commander Z
快乐闭麦自由人
elfen
Mr.Wu
̶H̶e̶c̶t̶o̶r̶
0
0

Comments sign in to comment!

No comments posted yet!